 Dungeon Crawl Stone Soup version 0.28-a0-245-g639a1a48b9 (webtiles) character file.

Game seed: 11521605995562206586

1061 Sweetruy1997 the Shield-Bearer (level 8, -6/56 (66) HPs)
             Began as a Minotaur Fighter on Aug 25, 2021.
             Was an Initiate of Trog.
             Mangled by Duvessa (8 damage)
             ... on level 5 of the Dungeon.
             The game lasted 00:12:49 (4851 turns).

Sweetruy1997 the Shield-Bearer (Minotaur Fighter)   Turns: 4851, Time: 00:12:49

HP:   -6/56 (66)    AC:  9    Str: 21    XL:     8   Next: 6%
MP:   7/7           EV:  9    Int:  2    God:    Trog [......]
Gold: 150           SH: 11    Dex: 19    Spells: 7/7 levels left

rFire   . . .      SeeInvis +   d - +2 whip (venom)
rCold   + . .      Faith    .   c - +0 kite shield
rNeg    . . .      Spirit   .   g - +1 ring mail of Ceanon {rPois Int-4 Dex+8 SInv}
rPois   +          Reflect  .   (helmet restricted)
rElec   .          Harm     .   b - +1 cloak
rCorr   .          Rampage  .   (no gloves)
Will    .....                   (no boots)
Stlth   +.........              (no amulet)
HPRegen 0.18/turn               h - ring of poison resistance
MPRegen 0.10/turn               o - ring of protection from cold

@: heavily drained
A: horns 2, retaliatory headbutt
a: Renounce Religion


You were on level 5 of the Dungeon.
You worshipped Trog.
Trog was noncommittal.
You visited 2 branches of the dungeon, and saw 6 of its levels.

You collected 266 gold pieces.
You spent 116 gold pieces at shops.

Inventory:

Hand Weapons
 d - a +2 whip of venom (weapon)
Armour
 b - a +1 cloak (worn)
 c - a +0 kite shield (worn)
 g - the +1 ring mail of Ceanon (worn) {rPois Int-4 Dex+8 SInv}
   (You took it off an orc on level 3 of the Dungeon)

   Int:       It affects your intelligence (-4).
   Dex:       It affects your dexterity (+8).
   rPois:     It protects you from poison.
   SInv:      It lets you see invisible.
Jewellery
 h - a ring of poison resistance (left hand)
 o - a ring of protection from cold (right hand)
Scrolls
 i - a scroll of magic mapping {unknown}
 n - a scroll of blinking
Potions
 f - 2 potions of curing
 j - a potion of magic
 k - 2 potions of heal wounds
 l - a potion of flight
 m - a potion of degeneration {unknown}


   Skills:
 - Level 4.0 Fighting
 - Level 4.5(5.3) Axes
 + Level 4.3(5.2) Maces & Flails
 + Level 5.1 Throwing
 - Level 4.0 Armour
 - Level 1.0 Dodging
 - Level 1.0 Stealth
 + Level 7.2 Shields


You had 7 spell levels left.
You didn't know any spells.
Your spell library contained the following spells:

 Spells                   Type           Power      Damage    Failure   Level
 Gell's Gravitas          Tloc           0%         N/A       100%        3
 Lesser Beckoning         Tloc           0%         N/A       100%        3
 Teleport Other           Tloc           0%         N/A       100%        3
 Conjure Ball Lightning   Conj/Air       0%         3x3d6     100%        6
 Discord                  Hex            0%         N/A       100%        8
 Disjunction              Tloc           0%         N/A       100%        8


Dungeon Overview and Level Annotations

Branches:
Dungeon (5/15)             Temple (1/1) D:4

Altars:
Ashenzari
Cheibriados
Dithmenos
Elyvilon
Fedhas
Gozag
Hepliaklqana
Kikubaaqudgha
Makhleb
Nemelex Xobeh
Okawaru
Qazlal
Ru
Sif Muna
Trog
Uskayaw
Vehumet
Wu Jian
Xom
Yredelemnul
Zin
The Shining One
Beogh

Shops:
D:2 [   D:4 *

Annotations:
D:5 Duvessa


Innate Abilities, Weirdness & Mutations

You have a pair of horns on your head.
You reflexively headbutt those who attack you in melee.


Message History

Dowan blinks!
You block Duvessa's attack.
You barely miss Duvessa.
Duvessa is lightly wounded.
Dowan casts a spell.
Dowan blinks!
You block Duvessa's attack.
You kill Dowan!
Trog accepts your kill.
Trog appreciates your killing of a magic user.
Duvessa screams, "No!
How DARE you!"
Duvessa goes berserk!
Your Throwing skill increases to level 5!
You hit Duvessa but do no damage.
Duvessa looks even sicker.
You headbutt Duvessa, but do no damage.
Duvessa is moderately wounded.
Duvessa hits you with a +0 short sword of draining.
You feel drained. Duvessa barely misses you.
You hit Duvessa but do no damage.
Duvessa looks as sick as possible!
Duvessa is moderately wounded.
You block Duvessa's attack. The phantom hits you. Duvessa barely misses you.
You block Duvessa's attack.
Duvessa rages.
Duvessa hits you with a +0 short sword of draining.
You feel drained. Duvessa barely misses you.
Duvessa hits you with a +0 short sword of draining!
You feel drained.
Duvessa hits you with a +0 short sword of draining!
* * * LOW HITPOINT WARNING * * *
You feel drained.
Duvessa hits you with a +0 short sword of draining!
* * * LOW HITPOINT WARNING * * *
You feel drained.
* * * LOW HITPOINT WARNING * * *
You closely miss Duvessa.
Duvessa is severely wounded.
You block Duvessa's attack.
You barely miss Duvessa.
Duvessa is severely wounded.
Duvessa hits you with a +0 short sword of draining!
You die...

................
..............#
..............#
..............#
..............#
............).#
..............#
...##...#####.###############
........# #.We@...........#
........# ###############.#
#......## #.# #......# #.#
#......# #.# ####..[# #.#
##### #.##### #...... #######


You could see Duvessa (berserk, very poisoned) and a phantom.

Vanquished Creatures
  Sigmund (D:4)
  A black bear (D:4)
  An ogre (D:4)
  The ghost of avis the Insei, an amateur OpTm (D:3)
  Blork the orc (D:4)
  A water moccasin skeleton (D:4)
  Dowan (D:5)
  A jelly (D:4)
  2 hounds (D:4)
  3 orc priests (D:3)
  Crazy Yiuf (D:2)
  2 iguanas (D:4)
  Terence (D:2)
  Robin (D:2)
  A gnoll (D:3)
  3 adders
  2 worms
  4 dart slugs (D:1)
  29 orcs
  5 bats
  6 endoplasms
  4 giant cockroaches
  20 goblins
  6 hobgoblins
  4 jackals (D:1)
  4 kobolds
  5 quokkas
  7 ball pythons
  3 frilled lizards
  3 rats
  A bush (D:2)
125 creatures vanquished.

Vanquished Creatures (others)
  A fungus (D:2)
1 creature vanquished.

Grand Total: 126 creatures vanquished

Notes
Turn   | Place    | Note
-------+----------+-------------------------------------------
     0 | D:1      | Sweetruy1997 the Minotaur Fighter began the quest for the
                  | Orb.
     0 | D:1      | Reached XP level 1. HP: 19/19 MP: 0/0
    54 | D:1      | Reached XP level 2. HP: 26/27 MP: 1/1
   175 | D:1      | Reached skill level 4 in Shields
   298 | D:1      | Reached XP level 3. HP: 33/33 MP: 2/2
   670 | D:2      | Found Soeh Loe's Armour Emporium.
   741 | D:2      | Found a faded altar of an unknown god.
   761 | D:2      | Reached XP level 4. HP: 35/40 MP: 3/3
   980 | D:2      | Noticed Terence
   991 | D:2      | Killed Terence
   992 | D:2      | Reached skill level 1 in Dodging
  1092 | D:2      | Noticed Robin
  1104 | D:2      | HP: 2/40 [Robin (6)]
  1107 | D:2      | Killed Robin
  1434 | D:2      | Found a runed translucent door.
  1435 | D:2      | Noticed Crazy Yiuf
  1445 | D:2      | Killed Crazy Yiuf
  1446 | D:2      | Reached skill level 5 in Shields
  1446 | D:2      | Reached XP level 5. HP: 13/46 MP: 4/4
  1724 | D:3      | Identified the +1 ring mail of Ceanon {rPois Int-4 Dex+8
                  | SInv}
  1724 | D:3      | Found a runed translucent gate.
  1724 | D:3      | Found a runed translucent gate.
  1724 | D:3      | Found a runed translucent gate.
  1725 | D:3      | Noticed avis's ghost (amateur OpTm)
  1746 | D:3      | Reached skill level 1 in Maces & Flails
  2013 | D:3      | Reached XP level 6. HP: 7/52 MP: 5/5
  3136 | D:3      | Reached skill level 6 in Shields
  3148 | D:3      | Killed avis's ghost
  3149 | D:3      | Reached skill level 1 in Throwing
  3449 | D:4      | Reached skill level 1 in Stealth
  3451 | D:4      | Noticed Sigmund
  3462 | D:4      | Killed Sigmund
  3463 | D:4      | Reached XP level 7. HP: 48/59 MP: 6/6
  3586 | D:4      | Found Jaemy's Assorted Antiques.
  3595 | D:4      | Bought a scroll of identify for 58 gold pieces
  3595 | D:4      | Bought a scroll labelled OMUIKATEOTE for 29 gold pieces
  3595 | D:4      | Bought a scroll labelled VICKOE SAYNIFU for 29 gold pieces
  3623 | D:4      | Noticed Blork the orc
  3632 | D:4      | Killed Blork the orc
  3688 | D:4      | Found a staircase to the Ecumenical Temple.
  3700 | Temple   | Entered the Ecumenical Temple
  3846 | Temple   | Became a worshipper of Trog the Wrathful
  3940 | D:4      | Reached skill level 7 in Shields
  4410 | D:4      | Found a shimmering blue altar of Sif Muna.
  4616 | D:4      | Reached XP level 8. HP: 56/66 MP: 7/7
  4760 | D:5      | Entered Level 5 of the Dungeon
  4814 | D:5      | Noticed Dowan
  4814 | D:5      | Noticed Duvessa
  4835 | D:5      | Killed Dowan
  4836 | D:5      | Reached skill level 5 in Throwing
  4848 | D:5      | HP: 2/56 [Duvessa (3)]
  4851 | D:5      | Mangled by Duvessa

Illustrated notes

Levels and vault maps discovered:
D:1:      saegor_arrival_simple_b, layout_rooms
D:2:      layout_basic, serial_shops, nicolae_shop_crystal,
          hellmonk_ecumenical_altar_pennies_from_heaven, uniq_robin,
          uniq_terence, uniq_crazy_yiuf_cottage
D:3:      minmay_general_purpose_star, layout_basic, biasface_ghost_orc_armoury
D:4:      layout_layer_cave, mainiacjoe_overflow_alcove_1,
          minmay_temple_entry_stoned_glass, serial_shops, shop, uniq_sigmund,
          uniq_blork_the_orc
D:5:      layout_basic, kennysheep_generic_room_6, uniq_duvessa
Temple:   minmay_crystal_snake_temple

Skill      XL: |  1  2  3  4  5  6  7  8 |
---------------+-------------------------+-----
Fighting       | 4 |  4.0
Shields        | 4 5 6 7 |  7.2
Armour         | 4 |  4.0
Axes           | 3 4 |  4.5
Dodging        | 1 |  1.0
Maces & Flails | 2 3 4 |  4.3
Throwing       | 3 4 5 |  5.1
Stealth        | 1 |  1.0

Action                   |  1- 3 |  4- 6 |  7- 9 || total
-------------------------+-------+-------+-------++-------
Melee: War axe           |    84 |    27 |       ||   111
       Headbutt          |    10 |    36 |    15 ||    61
       Whip              |       |   125 |    47 ||   172
Throw: Boomerang         |       |    56 |    37 ||    93
  Use: Potion            |       |     3 |       ||     3
       Scroll            |       |     6 |     4 ||    10
Armor: Scale mail        |    65 |    39 |       ||   104
       Skin              |       |     2 |       ||     2
       Ring mail         |       |     5 |     5 ||    10
Dodge: Dodged            |    28 |    43 |    14 ||    85
Block: Kite shield       |    40 |    72 |    26 ||   138

Table legend: (Time is in decaauts)
 A = Elapsed time spent in this place.
 B = Non-inter-level travel time spent in this place.
 C = Inter-level travel time spent in this place.
 D = Time resting spent in this place.
 E = Time spent auto-exploring this place.
 F = Levels seen in this place.
 G = Mean time per level.
                   A        B        C        D        E       F      G
               +--------+--------+--------+--------+--------+-----+--------+
         Total |   4963 |   4725 |    238 |    898 |   2909 |   6 |  827.2 |
       Dungeon |   4750 |   4549 |    201 |    898 |   2756 |   5 |  950.0 |
        Temple |    212 |    175 |     37 |      0 |    153 |   1 |  212.0 |
               +--------+--------+--------+--------+--------+-----+--------+

Top non-repeatable levels by time:
     D:3: 1713 daAuts
     D:2: 1239 daAuts
     D:4: 1153 daAuts
     D:1: 553 daAuts
  Temple: 212 daAuts
     D:5: 91 daAuts
